 Dungeon Crawl Stone Soup version 0.30.1-9-gdf580d7c3d (webtiles) character file.

Game seed: 17040479539665595189

54883 monsoonserge the Protected (level 14, -14/111 HPs)
             Began as a Demonspawn Warper on Oct 21, 2023.
             Was a High Priest of Makhleb.
             Demolished by Rupert
             ... wielding a +0 triple sword of electrocution
              (36 damage)
             ... on level 12 of the Dungeon on Oct 22, 2023.
             The game lasted 01:03:32 (19713 turns).

monsoonserge the Protected (Demonspawn Warper)     Turns: 19713, Time: 01:03:32

Health: -14/111    AC: 28    Str: 18    XL:     14   Next: 36%
Magic:  27/29      EV: 10    Int: 23    God:    Makhleb [*****.]
Gold:   1348       SH:  5    Dex: 12    Spells: 15/17 levels left

rFire   + . .        n - +8 trident of Geudimm {freeze, rPois rC+ Int+3}
rCold   + + .        (no shield)
rNeg    . . .        F - +7 chain mail of Fortitude {Fly rC+ MP+9}
rPois   +            Y - +2 helmet {SInv}
rElec   .            x - +0 cloak
rCorr   .            (gloves unavailable)
SInv    +            u - +0 pair of boots
Will    +....        a - amulet of reflection Stlth
                     L - ring of protection from fire
HPRegen 0.38/turn    t - +6 ring of strength
MPRegen 0.21/turn

%: reflection
@: on blink cooldown, flying
A: slimy green scales 2, foul stench 1, spiny 1, corrupting presence 1, demonic
touch 3
a: Renounce Religion, Minor Destruction, Lesser Servant of Makhleb, Major
Destruction, Greater Servant of Makhleb


You were on level 12 of the Dungeon.
You worshipped Makhleb.
Makhleb was extremely pleased with you.
You visited 4 branches of the dungeon, and saw 20 of its levels.

You collected 1348 gold pieces.

Inventory:

Hand Weapons
 n - the +8 trident of Geudimm (weapon) {freeze, rPois rC+ Int+3}
   (You found it on level 5 of the Lair of Beasts)

   Int:       It affects your intelligence (+3).
   rC:        It protects you from cold.
   rPois:     It protects you from poison.
Missiles
 d - 7 boomerangs of dispersal
 f - 36 poisoned darts (quivered)
 h - 5 throwing nets
 I - 4 atropa-tipped darts
 N - 17 boomerangs
 W - 8 curare-tipped darts
Armour
 u - a +0 pair of boots (worn)
 x - a +0 cloak (worn)
 F - the +7 chain mail of Fortitude (worn) {Fly rC+ MP+9}
   (You found it on level 4 of the Lair of Beasts)

   rC:        It protects you from cold.
   MP:        It affects your magic capacity (+9).
   Fly:       It grants you flight.
 Y - a +2 helmet of see invisible (worn)
Jewellery
 a - an amulet of reflection (around neck)
 t - a +6 ring of strength (right hand)
 L - a ring of protection from fire (left hand)
Wands
 j - a wand of roots (16)
 s - a wand of polymorph (21)
 A - a wand of paralysis (2)
 X - a wand of quicksilver (16)
 Z - a wand of mindburst (18)
Scrolls
 c - 5 scrolls of blinking
 g - 4 scrolls of magic mapping
 i - 6 scrolls of amnesia
 k - 3 scrolls of torment
 l - 2 scrolls of fog
 m - 3 scrolls of enchant armour
 o - 7 scrolls of teleportation
 q - 4 scrolls of vulnerability
 v - 4 scrolls of enchant weapon
 y - 2 scrolls of summoning
 B - a scroll of noise {unknown}
 D - 3 scrolls of fear
 O - 4 scrolls of silence
 S - 5 scrolls of poison
 U - a scroll of brand weapon {unknown}
Potions
 b - 3 potions of attraction {unknown}
 p - 4 potions of cancellation {unknown}
 r - 2 potions of ambrosia
 w - 2 potions of haste {unknown}
 z - 6 potions of curing
 C - 4 potions of mutation
 E - 7 potions of heal wounds {unknown}
 G - 2 potions of berserk rage {unknown}
 H - 8 potions of brilliance
 K - 2 potions of flight
 M - 4 potions of might {unknown}
 P - 6 potions of lignification {unknown}
 Q - 3 potions of resistance {unknown}
 T - a potion of magic {unknown}
 V - 4 potions of degeneration {unknown}
Miscellaneous
 e - a tin of tremorstones (2/2)
 J - a box of beasts
 R - a phial of floods


   Skills:
 + Level 10.8 Fighting
 - Level 7.3(10.0) Short Blades
 - Level 10.5(11.5) Long Blades
 * Level 5.8 Polearms
 + Level 5.6 Throwing
 + Level 11.4 Armour
 + Level 7.3 Dodging
 + Level 1.0 Unarmed Combat
 - Level 2.0 Spellcasting
 - Level 4.0 Translocations
 + Level 9.2 Invocations
 * Level 3.6 Evocations


You had 15 spell levels left.
You knew the following spells:

 Your Spells              Type           Power      Damage    Failure   Level
a - Blink                 Tloc           40%        N/A       22%         2

Your spell library contained the following spells:

 Spells                   Type           Power      Damage    Failure   Level
 Apportation              Tloc           40%        N/A       14%         1
 Lesser Beckoning         Tloc           40%        N/A       22%         2
 Teleport Other           Tloc           20%        N/A       41%         3
 Kiss of Death            Conj/Necr      8%         2d6       58%         1
 Sandblast                Erth           4%         2d4       58%         1
 Vhi's Electric Charge    Tloc/Air       22%        N/A       69%         3
 Passwall                 Tmut/Erth      1%         N/A       75%         2
 Manifold Assault         Tloc           20%        N/A       82%         4
 Confusing Touch          Hex            2%         N/A       92%         3
 Frozen Ramparts          Ice            4%         1d1       92%         3
 Ignite Poison            Fire/Tmut/Pois 2%         N/A       92%         3
 Stone Arrow              Conj/Erth      4%         3d7       92%         3
 Dispel Undead            Necr           2%         3d7       100%        4
 Ice Form                 Ice/Tmut       2%         N/A       100%        4
 Sticky Flame             Conj/Fire      2%         2d3       100%        4
 Summon Ice Beast         Ice/Summ       2%         N/A       100%        4
 Alistair's Intoxication  Tmut/Pois      1%         N/A       100%        5
 Fireball                 Conj/Fire      1%         3d3       100%        5
 Iskenderun's Battlesphe  Conj           2%         2d6       100%        5
 Conjure Ball Lightning   Conj/Air       1%         3x3d6     100%        6
 Orb of Destruction       Conj           1%         9d5       100%        7
 Storm Form               Tmut/Air       1%         N/A       100%        7
 Borgnjor's Revivificati  Necr           1%         N/A       100%        8
 Ignition                 Fire           1%         3d3       100%        8
 Necromutation            Tmut/Necr      1%         N/A       100%        8
 Death's Door             Necr           1%         N/A       100%        9


Dungeon Overview and Level Annotations

Branches:
Dungeon (13/15)            Temple (1/1) D:5            Lair (5/5) D:8
 Shoals (0/4) Lair:2        Snake (0/4) Lair:2        Slime (0/5) Lair:5
    Orc (1/2) D:11         Vaults (0/5) D:13

Altars:
Ashenzari
Cheibriados
Dithmenos
Fedhas
Gozag
Hepliaklqana
Kikubaaqudgha
Makhleb
Nemelex Xobeh
Okawaru
Qazlal
Ru
Sif Muna
Trog
Uskayaw
Vehumet
Wu Jian
Xom
Yredelemnul
Jiyva

Portals:
Trove: D:10 (give 6 scrolls of fog)

Annotations:
D:6 4 runed translucent doors
D:12 1 runed translucent door, Rupert; Taurus's ghost, journeyman MiFi
D:13 Nessos; Urug
Lair:3 3 runed translucent doors, Renzlar's ghost, journeyman GnFi


Innate Abilities, Weirdness & Mutations

You are mostly covered in slimy green scales. (AC +3)
You may rarely emit foul miasma when damaged in melee.
You are partially covered in sharp spines.
Your presence sometimes corrodes those you injure.
Your touch may irresistibly damage your foes and sap their willpower.


Message History

Rupert hits you with a +0 triple sword of electrocution!
The human is struck by your spines. The human hits you but does no damage.
The human is struck by your spines. The human hits you but does no damage.
The human barely misses you. The human is struck by your spines.
The human seems to be corroded for longer.
The human completely misses you. x2; The human hits you but does no damage. x2
Rupert hits you but does no damage. The human hits you but does no damage.
The human completely misses you. Rupert is struck by your spines.
Rupert hits you with a +0 triple sword of electrocution!!!
* * * LOW HITPOINT WARNING * * *
The human is struck by your spines. The human hits you but does no damage.
The human is struck by your spines.
The human hits you but does no damage. x2
The human hits you.
* * * LOW HITPOINT WARNING * * *
The human hits you but does no damage.
You can move again.
There is a stone staircase leading up, spattered with blood here.
Unknown command.
Unknown command.
You block Rupert's attack. The human is struck by your spines.
The human hits you but does no damage. The human is struck by your spines.
Your corrupting presence corrodes the human!
The human hits you but does no damage. x2; You block the human's attack.
The human is struck by your spines. The human completely misses you.
The human closely misses you. Rupert is struck by your spines.
Rupert closely misses you.
You fly upwards.
Level annotation: 1 runed translucent door, Taurus's ghost, journeyman MiFi
There is a stone staircase leading down here.
Okay, then.
Casting: Blink (safe; 22% risk of failure)
Confirm with . or Enter, or press ? or * to list all spells.
You blink.
Casting: Blink (safe; 22% risk of failure)
Confirm with . or Enter, or press ? or * to list all spells.
Okay, then.
A demon appears!
Rupert is struck by your spines.
Rupert hits you with a +0 triple sword of electrocution!!!
You die...

###### ########## ##########
.....####
#....3...####.........
####...<##
#....@...##.'.........
####..###..p@....##.#.........
##....pppp....##.#..†......
#####..p........#.......<.
#§p......###########'#
#####[.### #.# ########.## #.#
##### #.........# #.# ....###
#.........# #.#


You could see Rupert (berserk), 7 humans and a friendly neqoxec (summoned).

Vanquished Creatures
  A dire elephant (Lair:5)
  A merfolk avatar (Lair:5)
  3 hydras
  3 boulder beetles
  3 catoblepae
  3 two-headed ogres
  2 tengu warriors
  4 skysharks
  A fire crab (Lair:5)
  Lodul (D:13)
  Pikel (D:8)
  A harpy (Lair:5)
  3 ugly things
  4 manticores
  4 cyclopes
  20 elephants
  4 black mambas
  A gargoyle (D:11)
  4 torpor snails (Lair:2)
  Maggie (D:6)
  6 cane toads
  3 rime drakes
  An unseen horror (D:11)
  9 komodo dragons
  A tengu conjurer (D:13)
  3 polar bears (Lair:5)
  4 trolls
  A wind drake (Lair:5)
  11 blink frogs
  16 dream sheep
  3 hornets
  4 slime creatures (D:12)
  A shadow (D:10)
  5 wraiths
  2 basilisks
  3 wyverns
  A human (D:13)
  Grum (Lair:1)
  28 yaks
  4 vampire mosquitoes (D:10)
  4 wargs
  3 steam dragons
  2 acid dragons (D:10)
  6 water moccasins
  A sky beast (D:7)
  2 black bears
  3 orc warriors
  An ice beast (D:6)
  9 ogres
  12 wolves
  4 centaurs
  2 lemures (D:8)
  4 kobold brigands
  7 bullfrogs
  4 necrophages (Lair:3)
  A gnoll sergeant (D:5)
  A scorpion (D:5)
  14 wights
  2 howler monkeys (D:10)
  3 electric eels
  2 hounds
  11 jellies
  Crazy Yiuf (D:3)
  A gnoll bouda (D:7)
  8 orc priests
  6 iguanas
  2 hell rats (Lair:5)
  11 orc wizards
  15 gnolls
  8 adders
  7 river rats (Lair:5)
  A shadow imp (D:4)
  4 white imps
  2 ufetubi
  3 worms
  3 dart slugs
  42 orcs
  5 endoplasms
  A giant cockroach (D:1)
  14 goblins
  4 hobgoblins
  23 kobolds
  3 quokkas
  10 ball pythons
  4 bats (D:1)
  A frilled lizard (D:1)
  6 rats
455 creatures vanquished.

Vanquished Creatures (others)
  A water moccasin (Lair:5)
  An orc priest (D:8)
2 creatures vanquished.

Grand Total: 457 creatures vanquished

Notes
Turn   | Place    | Note
-------+----------+-------------------------------------------
     0 | D:1      | monsoonserge the Demonspawn Warper began the quest for the
                  | Orb.
     0 | D:1      | Reached XP level 1. HP: 16/16 MP: 3/3
    62 | D:1      | Reached skill level 1 in Armour
    62 | D:1      | Gained mutation: You are partially covered in sharp spines.
                  | [demonic ancestry]
    62 | D:1      | Reached XP level 2. HP: 22/22 MP: 5/5
   434 | D:1      | Reached skill level 1 in Throwing
   842 | D:2      | Gained mutation: You are partially covered in slimy green
                  | scales. (AC +2) [demonic ancestry]
   842 | D:2      | Reached XP level 3. HP: 7/28 MP: 6/6
   848 | D:2      | HP: 1/28 [poisoned by an adder]
  1004 | D:2      | Learned a level 2 spell: Blink
  1487 | D:2      | Reached skill level 2 in Armour
  1946 | D:3      | Gained mutation: Your touch may inflict minor irresistible
                  | damage on your foes. [demonic ancestry]
  1946 | D:3      | Reached XP level 4. HP: 27/34 MP: 7/7
  2611 | D:3      | Found a runed translucent door.
  2612 | D:3      | Noticed Crazy Yiuf
  2921 | D:3      | Killed Crazy Yiuf
  2922 | D:3      | Reached XP level 5. HP: 23/40 MP: 8/8
  3145 | D:4      | Reached skill level 3 in Armour
  3797 | D:5      | Entered Level 5 of the Dungeon
  3805 | D:5      | Reached skill level 1 in Unarmed Combat
  3805 | D:5      | Reached XP level 6. HP: 47/47 MP: 9/9
  4055 | D:5      | Gained mutation: Your touch may inflict irresistible damage
                  | on your foes. [demonic ancestry]
  4055 | D:5      | Reached XP level 7. HP: 40/52 MP: 10/10
  4122 | D:5      | Reached skill level 4 in Armour
  4136 | D:5      | Noticed a two-headed ogre
  4268 | D:6      | Noticed Maggie
  4279 | D:7      | Noticed a steam dragon
  4333 | D:7      | Killed a steam dragon
  4358 | D:7      | Noticed a hornet
  4545 | D:6      | Found a large runed translucent door.
  4547 | D:6      | Found a large runed translucent door.
  4548 | D:6      | Noticed a two-headed ogre
  4552 | D:6      | Reached XP level 8. HP: 59/60 MP: 11/11
  4561 | D:6      | Found a large runed translucent door.
  4561 | D:6      | Found a large runed translucent door.
  4564 | D:6      | Noticed a cyclops
  4618 | D:6      | Killed Maggie
  4619 | D:6      | Reached skill level 5 in Long Blades
  4971 | D:5      | Reached skill level 5 in Fighting
  5101 | D:5      | Killed a two-headed ogre
  5102 | D:5      | Reached skill level 5 in Armour
  5102 | D:5      | Reached skill level 1 in Evocations
  5102 | D:5      | Reached XP level 9. HP: 40/68 MP: 12/12
  5267 | D:5      | Found a staircase to the Ecumenical Temple.
  5276 | Temple   | Entered the Ecumenical Temple
  5823 | D:6      | Noticed a boulder beetle
  5844 | D:6      | Killed a boulder beetle
  6481 | D:7      | Gained mutation: You may rarely emit foul miasma when
                  | damaged in melee. [demonic ancestry]
  6481 | D:7      | Reached XP level 10. HP: 71/76 MP: 13/13
  7259 | D:8      | Noticed a tengu warrior
  7274 | D:8      | Killed a tengu warrior
  7390 | D:8      | Found the +18 Lear's hauberk
  7522 | D:8      | Noticed Pikel
  7532 | D:8      | Killed Pikel
  7533 | D:8      | Reached skill level 6 in Armour
  7533 | D:8      | Reached skill level 5 in Dodging
  7536 | D:8      | Found a staircase to the Lair.
  7770 | D:9      | Noticed a cyclops
  7789 | D:9      | Killed a cyclops
  8033 | D:8      | Noticed a two-headed ogre
  8041 | D:8      | Killed a two-headed ogre
  8286 | D:9      | Reached skill level 10 in Long Blades
  8453 | D:9      | Found a blossoming altar of Fedhas.
  8463 | D:9      | Found an ancient bone altar of Kikubaaqudgha.
  8486 | D:9      | Found an opulent altar of Gozag.
  8496 | D:9      | Found a burning altar of Makhleb.
  8502 | D:9      | Became a worshipper of Makhleb the Destroyer
  8874 | D:9      | Reached skill level 1 in Invocations
  9007 | D:9      | Reached XP level 11. HP: 83/84 MP: 14/14
  9227 | D:10     | Entered Level 10 of the Dungeon
  9477 | D:10     | Found a portal to a secret trove of treasure.
  9783 | D:10     | Found a radiant altar of Vehumet.
 10129 | D:11     | Identified the +7 dagger "Oxzei" {drain, Int+4}
 10177 | D:11     | Reached * piety under Makhleb
 10178 | D:11     | Reached skill level 7 in Armour
 10340 | D:11     | Reached skill level 1 in Short Blades
 10413 | D:11     | Found a staircase to the Orcish Mines.
 10502 | D:11     | Noticed a red ugly thing
 10512 | D:11     | Killed a red ugly thing
 10516 | D:11     | Noticed a two-headed ogre
 10528 | D:11     | Killed a two-headed ogre
 10792 | D:11     | Noticed a boulder beetle
 10816 | D:11     | Killed a boulder beetle
 11102 | Lair:1   | Entered Level 1 of the Lair of Beasts
 11206 | Lair:1   | Found a snail-covered altar of Cheibriados.
 11304 | Lair:1   | Noticed Grum
 11307 | Lair:1   | Reached ** piety under Makhleb
 11314 | Lair:1   | Killed Grum
 11318 | Lair:1   | Reached skill level 8 in Armour
 11384 | Lair:1   | Gained mutation: You are mostly covered in slimy green
                  | scales. (AC +3) [demonic ancestry]
 11384 | Lair:1   | Reached XP level 12. HP: 93/94 MP: 15/15
 11933 | Lair:2   | Reached skill level 5 in Short Blades
 11962 | Lair:2   | Found a snail-covered altar of Cheibriados.
 12092 | Lair:2   | Noticed a five-headed hydra
 12099 | Lair:2   | Killed a five-headed hydra
 12107 | Lair:2   | Noticed a boulder beetle
 12145 | Lair:2   | Killed a boulder beetle
 12248 | Lair:2   | Found a staircase to the Snake Pit.
 12359 | Lair:2   | Found a staircase to the Shoals.
 12952 | Lair:3   | Noticed a six-headed hydra
 12965 | Lair:3   | Killed a six-headed hydra
 13069 | Lair:4   | Noticed a catoblepas
 13069 | Lair:4   | Noticed a catoblepas
 13258 | Lair:3   | Reached skill level 5 in Invocations
 13288 | Lair:3   | Reached skill level 9 in Armour
 13334 | Lair:3   | Identified the +1 scale mail of Ohouran {Harm rC+}
 13404 | Lair:3   | Found a runed translucent gate.
 13404 | Lair:3   | Found a runed translucent gate.
 13405 | Lair:3   | Found a runed translucent gate.
 13407 | Lair:3   | Noticed Renzlar's ghost (journeyman GnFi)
 13460 | Lair:3   | Reached *** piety under Makhleb
 13730 | Lair:3   | Noticed a four-headed hydra
 13738 | Lair:3   | Killed a four-headed hydra
 13814 | Lair:3   | Found a viscous altar of Jiyva.
 14225 | Lair:4   | Gained mutation: Your touch may irresistibly damage your
                  | foes and sap their willpower. [demonic ancestry]
 14225 | Lair:4   | Reached XP level 13. HP: 92/101 MP: 17/17
 14697 | Lair:4   | Identified the +7 chain mail of Fortitude {Fly rC+ MP+9}
 15380 | Lair:5   | Entered Level 5 of the Lair of Beasts
 15486 | Lair:5   | Reached skill level 10 in Armour
 15588 | Lair:5   | Reached skill level 10 in Fighting
 15621 | Lair:5   | Reached **** piety under Makhleb
 15636 | Lair:5   | Reached skill level 5 in Throwing
 15986 | Lair:5   | Noticed a dire elephant
 16008 | Lair:5   | Killed a dire elephant
 16104 | Lair:5   | Reached skill level 11 in Armour
 16374 | Lair:5   | Identified the +8 trident of Geudimm {freeze, rPois rC+
                  | Int+3}
 16686 | Lair:5   | Reached skill level 1 in Polearms
 17336 | Lair:4   | Gained mutation: Your presence sometimes corrodes those you
                  | injure. [demonic ancestry]
 17336 | Lair:4   | Reached XP level 14. HP: 78/111 MP: 20/20
 17651 | Lair:5   | Found a viscous altar of Jiyva.
 17652 | Lair:5   | Found a staircase to the Slime Pits.
 17661 | Lair:5   | Reached ***** piety under Makhleb
 18567 | Orc:1    | Entered Level 1 of the Orcish Mines
 18979 | D:12     | Reached skill level 5 in Polearms
 19180 | D:12     | Found a runed translucent door.
 19181 | D:12     | Found a shimmering altar of Xom.
 19181 | D:12     | Noticed Taurus's ghost (journeyman MiFi)
 19419 | D:13     | Noticed Lodul
 19458 | D:13     | Killed Lodul
 19704 | D:13     | Noticed Rupert
 19704 | D:13     | Noticed Urug
 19704 | D:13     | Noticed Nessos
 19704 | D:13     | Found a gate to the Vaults.
 19704 | D:13     | Paralysed by Rupert for 5 turns
 19713 | D:12     | Demolished by Rupert

Illustrated notes

Levels and vault maps discovered:
D:1:      shiori_shiawase, layout_loops_cross, hangedman_decor_clover_reticule
D:2:      layout_basic
D:3:      layout_basic, uniq_crazy_yiuf_cottage
D:4:      layout_cave_pools
D:5:      layout_rooms, lemuel_temple_firewalk_b
D:6:      layout_cave_pools, mrwooster_statue_mirror, corexii_corridor_pit,
          minmay_hollow_rounded_squares, uniq_maggie
D:7:      layout_loops_ring
D:8:      layout_loops_ring, erik_lair_orcish_takeover, nrook_mini_backslash,
          chequers_jeans, amcnicky_mini_rare_corridor_liquid,
          grunt_decor_arrowhead, hellmonk_guarded_unrand_lears, uniq_pikel
D:9:      layout_basic, nicolae_overflow_quartered_altars
D:10:     layout_irregular_city, mainiacjoe_overflow_brackets, zin_statuary,
          enter_trove_2, serial_park_tiny_pond, kennysheep_small_square
D:11:     layout_cave_pools, erik_orc_3
D:12:     layout_roguey, ebering_ghost_xom
D:13:     layout_loops_ring, david_vaults_3, kb_tengu_band, uniq_lodul
Temple:   eino_temple_rhombus
Lair:1:   layout_regular_city, basic_altar, uniq_grum
Lair:2:   layout_cellular_growth, elwin_shoals_entry_rooms, dummy_snake_entry,
          kennysheep_snail_temple
Lair:3:   layout_cave_shapes, gammafunk_ghost_ooze, roderic_carrion_pond
Lair:4:   nzn_motion_control, layout_hall_layers, chequers_serial_rivers_room_b
Lair:5:   gammafunk_lair_ancient_temple, layout_gridlike,
          minmay_slime_entry_jelly_boxes, chequers_serial_rivers_small_b,
          kennysheep_rathole, infiniplex_staircase_pool
Orc:1:    layout_caves, nicolae_shop_clearance

Skill      XL: |  1  2  3  4  5  6  7  8  9 10 11 12 13 14 |
---------------+-------------------------------------------+-----
Translocations | 3 4 |  4.0
Armour         | 1 2 3 4 5 6 8 9 11 | 11.4
Throwing       | 1 3 4 5 |  5.6
Long Blades    | 2 3 4 7 8 10 | 10.5
Dodging        | 2 3 4 5 6 7 |  7.3
Fighting       | 3 4 5 6 7 8 9 10 | 10.8
Unarmed Combat | 1 |  1.0
Evocations     | 1 2 3 |  3.6
Invocations    | 1 2 6 8 9 |  9.2
Short Blades   | 4 7 |  7.3
Polearms       | 2 5 |  5.8
Spellcasting   | |  2.0

Action                     |  1- 3 |  4- 6 |  7- 9 | 10-12 | 13-15 || total
---------------------------+-------+-------+-------+-------+-------++-------
  Melee: Falchion          |    98 |   100 |   168 |   109 |       ||   475
         Touch             |       |    13 |    39 |    12 |   106 ||   170
         Punch             |       |     1 |     3 |       |    10 ||    14
         Long sword        |       |       |    11 |   125 |       ||   136
         Dagger            |       |       |       |   524 |   230 ||   754
         Trident           |       |       |       |       |   274 ||   274
  Throw: Dart              |     1 |       |    19 |    15 |    27 ||    62
         Boomerang         |       |       |     1 |     2 |       ||     3
   Cast: Blink             |       |     2 |     5 |       |     3 ||    10
 Invoke: Minor Destruction |       |       |       |     3 |    17 ||    20
         Lesser Servant of |       |       |       |       |     1 ||     1
  Evoke: Wand              |       |       |     1 |     3 |       ||     4
    Use: Scroll            |       |       |       |    13 |     2 ||    15
         Potion            |       |       |       |     1 |       ||     1
   Stab: Sleeping          |     1 |       |       |       |       ||     1
 Armour: Leather armour    |    22 |    16 |       |       |       ||    38
         Scale mail        |       |    17 |    15 |       |       ||    32
         Steam dragon scal |       |       |     6 |       |       ||     6
         Acid dragon scale |       |       |    46 |    13 |     3 ||    62
         Chain mail        |       |       |       |   414 |   370 ||   784
  Dodge: Dodged            |    54 |    47 |    91 |   189 |   179 ||   560
  Block: Buckler           |       |       |       |   171 |       ||   171
         Reflection        |       |       |       |     4 |     1 ||     5
         Other             |       |       |       |       |   103 ||   103
